 Dungeon Crawl Stone Soup version 0.31-a0-222-gefeffbb62a (webtiles) character file.

Game seed: 4737968743546316098

522 protoss039 the Digger (level 7, 52/52 HPs)
             Began as a Demonspawn Earth Elementalist on July 5, 2023.
             Got out of the dungeon alive.
             The game lasted 00:05:25 (4143 turns).

protoss039 the Digger (DsEE)                        Turns: 4143, Time: 00:05:25

Health: 52/52      AC:  7    Str:  8    XL:     7   Next: 1%
Magic:  12/12      EV: 11    Int: 18    God:
Gold:   188        SH:  0    Dex: 14    Spells: 7/13 levels left

rFire   . . .        e - +0 whip (elec)
rCold   . . .        (no shield)
rNeg    . . .        r - +0 leather armour
rPois   .            p - +0 helmet
rElec   .            (no cloak)
rCorr   .            c - +0 pair of gloves
SInv    .            (no boots)
Will    .....        (no amulet)
Stlth   ++           o - +4 ring of slaying
HPRegen 0.28/turn    (no ring)
MPRegen 0.13/turn

%: no passive effects
@: no status effects
A: hooves 2, yellow scales 1, spiny 1
a: no special abilities


You escaped.
You visited 1 branch of the dungeon, and saw 5 of its levels.

You collected 188 gold pieces.

Inventory:

Hand Weapons
 e - a +0 whip of electrocution (weapon)
 m - a +2 whip of draining
Armour
 c - a +0 pair of gloves (worn)
 p - a +0 helmet (worn)
 r - a +0 leather armour (worn)
Jewellery
 o - a +4 ring of slaying (left hand)
Wands
 u - a wand of quicksilver (4)
Scrolls
 a - a scroll of blinking {unknown}
 d - a scroll of vulnerability {unknown}
 f - a scroll of poison {unknown}
 h - 2 scrolls of revelation {unknown}
 j - 2 scrolls of identify
 k - 2 scrolls of silence
 q - 2 scrolls of teleportation
 t - a scroll of enchant armour {unknown}
 v - a scroll of immolation {unknown}
 x - a scroll of brand weapon {unknown}
Potions
 b - a potion of magic
 g - a potion of mutation {unknown}
 i - a potion of haste {unknown}
 l - a potion of attraction {unknown}
 n - a potion of heal wounds {unknown}
 s - a potion of might {unknown}
 w - a potion of curing {unknown}


   Skills:
 + Level 3.4 Fighting
 + Level 1.9 Armour
 - Level 1.7 Dodging
 - Level 1.7 Stealth
 + Level 3.7 Spellcasting
 + Level 2.4 Conjurations
 - Level 0.8 Transmutations
 + Level 4.3 Earth Magic


You had 7 spell levels left.
You knew the following spells:

 Your Spells              Type           Power      Damage    Failure   Level
a - Sandblast             Erth           36%        2d10      3%          1
b - Passwall              Tmut/Erth      10%        N/A       11%         2
c - Stone Arrow           Conj/Erth      30%        3d8       16%         3

Your spell library contained the following spells:

 Spells                   Type           Power      Damage    Failure   Level
 Apportation              Tloc           6%         N/A       22%         1
 Call Canine Familiar     Summ           3%         N/A       54%         3
 Portal Projectile        Hex/Tloc       6%         N/A       54%         3
 Petrify                  Tmut/Erth      12%        N/A       58%         4
 Leda's Liquefaction      Hex/Erth       5%         N/A       65%         4
 Alistair's Intoxication  Tmut/Pois      2%         N/A       99%         5


Dungeon Overview and Level Annotations

Branches:
Dungeon (5/15) Zot: 25804
 Temple: D:4-7

Altars:
Dithmenos
Sif Muna
Xom


Innate Abilities, Weirdness & Mutations

You have hoof-like feet.
You are partially covered in yellow scales. (AC +2)
You are partially covered in sharp spines.


Message History

There is an open door here.
You open the door.
Found a robe.
There is an open door here.
There is an open door here.
You open the door.
There is an open door here.
You open the door.
There is an open door here.
You open the door.
Found a stone staircase leading down.
There is an open door here.
There is a stone staircase leading up here.
You climb upwards.
There is a stone staircase leading down here.
(D) Dungeon
Where to? (Enter - D:5 @ (x,y), ? - help)
What level of the Dungeon? (default 1, ? - help)
There is an open door here.
There is a stone staircase leading down here.
You see here a potion of degeneration.
There is a stone staircase leading up here.
You climb upwards.
There is a stone staircase leading down here.
There is a stone staircase leading up here.
You climb upwards.
There is a stone staircase leading down here.
There is a stone staircase leading up here.
You climb upwards.
There is a stone staircase leading down here.
There is an open door here.
There is an open door here.
You see here a +0 dagger.
The shining eye turns its gaze towards you.
The great orb of eyes turns its gaze towards you.
The great orb of eyes turns its gaze towards you.
There is an open door here.
There is a staircase leading out of the dungeon here.
Are you sure you want to leave the Dungeon?
This will make you lose the game!
You have escaped!

##### ######.@.######
###.............###
###.................####
##.'.................+..#
#..#.................##.##
##.####.............####..#
####..# ###.........###
##.# .....## ###.....###
#.# ##.#####
###.........### #.#


There were no monsters in sight!

Vanquished Creatures
  A black bear (D:5)
  A jelly (D:5)
  A hound (D:4)
  An orc priest (D:5)
  Jessica (D:2)
  An iguana (D:5)
  2 orc wizards
  6 adders
  8 gnolls
  An ufetubus (D:5)
  A worm (D:3)
  6 orcs
  5 bats
  7 endoplasms
  4 giant cockroaches
  8 hobgoblins
  6 jackals (D:3)
  4 quokkas
  10 ball pythons
  2 frilled lizards
  6 goblins
  8 kobolds
  3 rats
93 creatures vanquished.

Notes
Turn   | Place    | Note
-------+----------+-------------------------------------------
     0 | D:1      | protoss039 the Demonspawn Earth Elementalist began the
                  | quest for the Orb.
     0 | D:1      | Reached XP level 1. HP: 13/13 MP: 3/3
   381 | D:1      | Found a faded altar of an unknown god.
   382 | D:1      | Noticed a great orb of eyes
   384 | D:1      | Noticed a shining eye
   384 | D:1      | Noticed a shining eye
   384 | D:1      | Noticed a great orb of eyes
   389 | D:1      | Gained mutation: You have large cloven feet. [demonic
                  | ancestry]
   389 | D:1      | Reached XP level 2. HP: 20/20 MP: 3/5
   395 | D:1      | Reached skill level 1 in Fighting
   477 | D:1      | Reached skill level 3 in Earth Magic
   728 | D:1      | Learned a level 2 spell: Passwall
   765 | D:2      | Noticed Jessica
   773 | D:2      | Killed Jessica
   774 | D:2      | Gained mutation: You are partially covered in yellow
                  | scales. (AC +2) [demonic ancestry]
   774 | D:2      | Reached XP level 3. HP: 15/27 MP: 2/6
  1115 | D:2      | Reached XP level 4. HP: 33/33 MP: 8/8
  1646 | D:2      | Learned a level 3 spell: Stone Arrow
  1772 | D:3      | Found a shimmering altar of Xom.
  1786 | D:3      | Reached XP level 5. HP: 21/39 MP: 3/9
  1918 | D:3      | Reached skill level 1 in Conjurations
  2682 | D:4      | Reached skill level 1 in Armour
  2784 | D:4      | Gained mutation: You are partially covered in sharp spines.
                  | [demonic ancestry]
  2784 | D:4      | Reached XP level 6. HP: 20/46 MP: 0/11
  2787 | D:4      | Reached skill level 4 in Earth Magic
  2978 | D:4      | Found a shimmering blue altar of Sif Muna.
  3161 | D:4      | Found a shadowy altar of Dithmenos.
  3512 | D:5      | Entered Level 5 of the Dungeon
  3812 | D:5      | Gained mutation: You have hoof-like feet. [demonic
                  | ancestry]
  3812 | D:5      | Reached XP level 7. HP: 52/52 MP: 0/12
  4143 | D:$      | Got out of the dungeon alive.

Illustrated notes

Levels and vault maps discovered:
D:1:      nzn_arrival_depleted_hourglass, layout_basic,
          hellmonk_ecumenical_altar_watching_god
D:2:      layout_loops_ring, kennysheep_big_empty_room, kennysheep_jessica_study
D:3:      wad_pebble_path, layout_loops_corners, tgw_xom
D:4:      layout_basic, general_overflow_altar, gammafunk_temple_overflow_claw
D:5:      layout_gridville

Skill      XL: |  1  2  3  4  5  6 |
---------------+-------------------+-----
Fighting       | 1 2 3 |  3.4
Earth Magic    | 3 4 |  4.3
Spellcasting   | 3 |  3.7
Conjurations   | 1 2 |  2.4
Armour         | 1 |  1.9
Dodging        | |  1.7
Stealth        | |  1.7
Transmutations | |  0.8

Action                     |  1- 3 |  4- 6 |  7- 9 || total
---------------------------+-------+-------+-------++-------
  Melee: Club              |     7 |       |       ||     7
         Unarmed           |     1 |       |       ||     1
         Whip              |    29 |    69 |       ||    98
         Kick              |     4 |     8 |       ||    12
         Dagger            |     2 |       |       ||     2
   Cast: Sandblast         |    21 |    49 |       ||    70
         Stone Arrow       |       |     6 |       ||     6
    Use: Scroll            |       |     3 |       ||     3
   Stab: Sleeping          |     3 |     4 |       ||     7
 Armour: Robe              |    12 |     5 |       ||    17
         Leather armour    |       |    19 |       ||    19
  Dodge: Dodged            |    33 |    55 |       ||    88

Table legend: (Time is in decaauts)
 A = Elapsed time spent in this place.
 B = Non-inter-level travel time spent in this place.
 C = Inter-level travel time spent in this place.
 D = Time resting spent in this place.
 E = Time spent auto-exploring this place.
 F = Levels seen in this place.
 G = Mean time per level.
                   A        B        C        D        E       F      G
               +--------+--------+--------+--------+--------+-----+--------+
         Total |   4195 |   3954 |    241 |    225 |   3061 |   5 |  839.0 |
       Dungeon |   4195 |   3954 |    241 |    225 |   3061 |   5 |  839.0 |
               +--------+--------+--------+--------+--------+-----+--------+

Top non-repeatable levels by time:
     D:3: 1049 daAuts
     D:2: 929 daAuts
     D:4: 915 daAuts
     D:1: 783 daAuts
     D:5: 517 daAuts
